 Dungeon Crawl Stone Soup version 0.22-a0-348-gd16d139 (webtiles) character file.

41 torrenera the Firebug (level 3, 0/35 HPs)
             Began as an Ogre Fire Elementalist on Apr 7, 2018.
             Succumbed to an adder's poison
             ... on level 2 of the Dungeon.
             The game lasted 00:02:46 (1559 turns).

torrenera the Firebug (Ogre Fire Elementalist)      Turns: 1559, Time: 00:02:47

Health: 0/35       AC:  3    Str: 13    XL:     3   Next: 52%
Magic:  1/6        EV: 10    Int: 21    God:
Gold:   91         SH:  0    Dex:  9    Spells: 5/6 levels left

rFire    . . .     SeeInvis .   b - +0 spear
rCold    . . .     Gourm    .   (no shield)
rNeg     . . .     Faith    .   a - +0 robe
rPois    +         Spirit   .   (helmet restricted)
rElec    .         Reflect  .   (no cloak)
rCorr    .         Harm     .   (gloves unavailable)
MR       .....                  (boots unavailable)
Stlth    +.........             (no amulet)
HPRegen  0.11/turn              j - ring of poison resistance
MPRegen  0.10/turn              (no ring)

@: brilliant, lethally poisoned (0 -> -5), very slightly contaminated
A: large, unfitting armour, tough skin 1
a: no special abilities


You were on level 2 of the Dungeon.
You were not hungry.

You visited 1 branch of the dungeon, and saw 2 of its levels.

You collected 91 gold pieces.

Inventory:

Hand Weapons
 b - a +0 spear (weapon)
Missiles
 e - 83 stones (quivered)
 f - 27 sling bullets
Armour
 a - a +0 robe (worn)
Jewellery
 j - a ring of poison resistance (left hand)
Scrolls
 g - a scroll of teleportation {unknown}
 h - 2 scrolls of enchant armour {unknown}
 i - 5 scrolls of remove curse {unknown}
 k - a scroll of identify {unknown}
 m - a scroll of amnesia {unknown}
Potions
 d - a potion of brilliance
Comestibles
 c - 3 rations


   Skills:
 * Level 2.1 Fighting
 - Level 1.7 Dodging
 - Level 1.4 Stealth
 - Level 2.4 Spellcasting
 - Level 0.8 Conjurations
 + Level 3.6 Fire Magic


You had 5 spell levels left.
You knew the following spells:

 Your Spells              Type           Power        Failure   Level  Hunger
a - Flame Tongue          Conj/Fire      ###..        1%          1    None


Dungeon Overview and Level Annotations

Branches:
Dungeon (2/15)

Altars:


Innate Abilities, Weirdness & Mutations

You are too large for most types of armour.
You have tough skin. (AC +1)


Message History

* * * LOW HITPOINT WARNING * * *
You are more poisoned.
The adder poisons you!
It was a potion of brilliance.
You feel clever all of a sudden.
* * * LOW HITPOINT WARNING * * *
You feel sick. The adder barely misses you.
You hit the adder.
You kill the adder!
Your Fighting skill increases to level 2!
* * * LOW HITPOINT WARNING * * *
You feel sick.
There is a lethal amount of poison in your body!
Okay, then.
Okay, then.
Put on which piece of jewellery? (? for menu, Esc to quit)
j - a ring of poison resistance (left hand)
* * * LOW HITPOINT WARNING * * *
You feel sick.
You die...

.#..# ... ...## #.#
...# #.# #..# #.#
#..# #.#
#..####.###########
#..................
##.###..###########
#@# #..# #
#######.###..#
#............######..
#.#####.###..........
#.# #.# #..######..
#.# #.# #..###### #.#
#.# #.......# ##
######.#####.#
#.#####.# ..
#............# #.#
#.# ##


There were no monsters in sight!

Vanquished Creatures
  An adder (D:2)
  A worm (D:2)
  3 dart slugs (D:1)
  2 bats
  2 hobgoblins (D:1)
  5 kobolds
  2 ball pythons (D:2)
  3 frilled lizards
  2 goblins
  4 rats
25 creatures vanquished.

Notes
Turn   | Place    | Note
-------+----------+-------------------------------------------
     0 | D:1      | torrenera the Ogre Fire Elementalist began the quest for the Orb.
     0 | D:1      | Reached XP level 1. HP: 16/16 MP: 3/3
   125 | D:1      | Reached skill level 3 in Fire Magic
   131 | D:1      | Reached skill level 1 in Fighting
   131 | D:1      | Reached XP level 2. HP: 9/27 MP: 5/5
  1211 | D:2      | Reached XP level 3. HP: 15/33 MP: 3/6
  1557 | D:2      | HP: 1/35 [poisoned by an adder]
  1559 | D:2      | Succumbed to an adder's poison

Vault maps used:
D:1:      evilmike_arrival_home_sweet_home

Skill      XL: |  1  2  3 |
---------------+----------+-----
Fire Magic     | 3 |  3.6
Fighting       | 1 2 |  2.1
Dodging        | |  1.7
Stealth        | |  1.4
Spellcasting   | |  2.4
Conjurations   | |  0.8

Action                   || total
-------------------------++-------
Melee: Spear             ||    93
Throw: Stone             ||     4
 Cast: Flame Tongue      ||    16
  Use: Potion            ||     1
 Stab: Sleeping          ||     2
       Distracted        ||     1
  Eat: Chunk             ||     2
Armor: Robe              ||    21
Dodge: Dodged            ||    43

Table legend:
 A = Spawn XP
 B = Non-spawn XP
 C = Spawn XP percentage of total XP
 D = Spawn monster count
 E = Non-spawn monster count
 F = Spawn count percentage of total count
 G = Total turns spent on level
                    A         B        C        D         E        F      G
               +---------+---------+-------+---------+---------+-------+---------
         Total |       0 |      59 |   0.0 |       0 |      25 |   0.0 |  1559
               +---------+---------+-------+---------+---------+-------+---------
           D:1 |       0 |      25 |   0.0 |       0 |      11 |   0.0 |  1063
           D:2 |       0 |      34 |   0.0 |       0 |      14 |   0.0 |   496
               +---------+---------+-------+---------+---------+-------+---------
